 Dungeon Crawl Stone Soup version 0.26-a0-962-g9b92081034 (webtiles) character file.

Game seed: 11907041088492406871

10729 Tsirvaldir the Geomancer (level 11, -9/64 HPs)
             Began as a Gargoyle Earth Elementalist on Dec 2, 2020.
             Was a Priest of Vehumet.
             Mangled by an ice devil (23 damage)
             ... on level 11 of the Dungeon.
             The game lasted 00:34:32 (12530 turns).

Tsirvaldir the Geomancer (GrEE)                    Turns: 12530, Time: 00:34:33

Health: -9/64      AC: 17    Str: 12    XL:     11   Next: 66%
Magic:  0/22       EV: 13    Int: 19    God:    Vehumet [***...]
Gold:   600        SH:  0    Dex: 10    Spells: 15/24 levels left

rFire    . . .     SeeInvis .   y - +7 mace of Evisceration {protect, MR++}
rCold    . . .     Faith    .   (no shield)
rNeg     + . .     Spirit   .   c - +0 robe
rPois    ∞         Reflect  .   F - +2 hat {MR+}
rElec    +         Harm     .   (no cloak)
rCorr    .         Rampage  .   G - +0 pair of gloves
MR       ++++.                  (no boots)
Stlth    ++........             (no amulet)
HPRegen  0.20/turn              E - ring of protection from magic
MPRegen  0.18/turn              D - +4 ring of protection

@: no status effects
A: negative energy resistance 1, electricity resistance, unbreathing,
petrification resistance, rot immunity, AC +8
a: Renounce Religion


You were on level 11 of the Dungeon.
You worshipped Vehumet.
Vehumet was most pleased with you.
You visited 2 branches of the dungeon, and saw 12 of its levels.
You also visited: Sewer.

You collected 600 gold pieces.

Inventory:

Hand Weapons
 d - a +0 morningstar
 v - the +3 long sword of Joyful Slaughter {protect, rPois}
   (You found it on level 5 of the Dungeon)

   It grants its wielder temporary protection when it strikes (+7 to AC).
   It protects you from poison.
 y - the +7 mace of Evisceration (weapon) {protect, MR++}
   (You found it on level 6 of the Dungeon)

   It grants its wielder temporary protection when it strikes (+7 to AC).
   It affects your resistance to hostile enchantments.
Missiles
 b - 229 stones (quivered)
Armour
 c - a +0 robe (worn)
 F - a +2 hat of magic resistance (worn)
 G - a +0 pair of gloves (worn)
Jewellery
 f - an uncursed ring of stealth
 D - a +4 ring of protection (right hand)
 E - a ring of protection from magic (left hand)
Wands
 g - a wand of random effects (13)
 l - a wand of paralysis (13)
 o - a wand of iceblast (13)
 t - a wand of enslavement (7)
 A - a wand of digging (8)
 H - a wand of polymorph (6)
Scrolls
 h - 4 scrolls of immolation
 i - 3 scrolls of blinking
 k - 8 scrolls of teleportation
 m - 4 scrolls of remove curse
 p - a scroll of fear
 x - a scroll of enchant weapon
 I - a scroll of magic mapping
Potions
 a - 2 potions of attraction
 e - 4 potions of haste
 j - a potion of magic {unknown}
 n - a potion of invisibility
 q - 3 potions of curing {unknown}
 r - 3 potions of heal wounds
 s - 4 potions of mutation {unknown}
 u - a potion of berserk rage {unknown}
 w - a potion of lignification {unknown}
 z - a potion of might
 B - a potion of flight
 C - a potion of ambrosia {unknown}


   Skills:
 + Level 5.8 Fighting
 + Level 5.6 Maces & Flails
 - Level 6.0 Armour
 + Level 4.8 Dodging
 - Level 2.1 Stealth
 + Level 7.3 Spellcasting
 + Level 8.1 Conjurations
 - Level 0.7 Transmutations
 + Level 9.9 Earth Magic
 + Level 4.8 Evocations


You had 15 spell levels left.
You knew the following spells:

 Your Spells              Type           Power        Failure   Level
a - Sandblast             Erth           #####.       1%          1
b - Stone Arrow           Conj/Erth      #####.       1%          3
c - Lee's Rapid Deconstr  Erth           #####.....   1%          5

Your spell library contained the following spells:

 Spells                   Type           Power        Failure   Level
 Sticky Flame             Conj/Fire      ###.....     5%          4
 Passwall                 Tmut/Erth      ####....     1%          2
 Freeze                   Ice            #...         2%          1
 Hailstorm                Conj/Ice       ###.....     5%          4
 Frozen Ramparts          Ice            #.....       8%          3
 Animate Skeleton         Necr           #.....       10%         1
 Apportation              Tloc           #.....       10%         1
 Corona                   Hex            #......      10%         1
 Summon Small Mammal      Summ           #...         10%         1
 Petrify                  Tmut/Erth      ####....     11%         4
 Ozocubu's Armour         Ice            #.......     28%         3
 Summon Ice Beast         Ice/Summ       #.......     67%         4


Dungeon Overview and Level Annotations

Branches:
Dungeon (11/15)            Temple (1/1) D:7            Lair (0/6) D:8
    Orc (0/2) D:10          Sewer (visited)

Altars:
Dithmenos
Fedhas
Gozag
Hepliaklqana
Kikubaaqudgha
Makhleb
Okawaru
Ru
Sif Muna
Uskayaw
Vehumet
Wu Jian
Xom
Yredelemnul
Zin
The Shining One

Shops:
D:6 [

Portals:
Ice
Cave: D:11


Innate Abilities, Weirdness & Mutations

You are resistant to torment.
Your stone body is resilient. (AC +8)
You are immune to poison.
You resist negative energy. (rN+)
You are resistant to electric shocks. (rElec)
You can survive without breathing.
You are immune to petrification.
You are immune to rotting.


Message History

Unknown command.
Unknown command.
Casting: Lee's Rapid Deconstruction (dangerous; 1% risk of failure)
Confirm with . or Enter, or press ? or * to list all spells.
Aiming: Lee's Rapid Deconstruction (dangerous; 1% risk of failure)
Press: ? - help, Dir - move target A rock wall.
The wall shatters!
The blast of rock fragments hits the ice devil but does no damage.
The ice devil is moderately wounded.
The blast of rock fragments hits the ice devil!
The ice devil is almost dead.
The ice devil hits you. The ice devil freezes you! The ice devil hits you!
The ice devil freezes you!
Unknown command.
Unknown command.
The ice devil hits you.
* * * LOW HITPOINT WARNING * * *
The ice devil freezes you!!
You die...

###..∩ #.#... #....
#... #.. ### #######
##.## #.## #......
#..4###..# #......
#+#4.###.#####).....
#..@#.....#..'......
#.#.#.#####.##......
#.#.#.#...#.##......
# #.#.#.#...##......
#.#...#.##########
#.#.#####.#
#.........#
#######.### #.....#
#######+


You could see 2 ice devils.

Vanquished Creatures
  Gastronok (D:8)
  2 two-headed ogres
  Pikel (D:5)
  A troll (D:10)
  3 wyverns
  Sigmund (D:2)
  13 yaks
  A basilisk (D:11)
  A soldier ant (D:10)
  4 sky beasts
  2 ice beasts
  A black bear (D:10)
  7 orc warriors
  A phantom (D:11)
  2 ogres
  2 centaurs
  5 big kobolds
  3 bullfrogs
  5 scorpions
  11 killer bees
  5 wights (D:10)
  A howler monkey (D:10)
  A centaur zombie (D:11)
  3 hounds
  6 orc priests
  4 bullfrog skeletons
  2 jellies
  4 orc wizards
  2 iguanas
  3 iron imps (D:7)
  Natasha (twice) (D:2)
  6 worker ants
  A killer bee zombie (D:9)
  17 adders
  2 river rats
  6 shadow imps
  A white imp (D:9)
  2 ufetubi
  An ooze (Sewer)
  2 worms
  5 dart slugs
  4 leopard geckos
  36 orcs
  8 bats
  3 giant cockroaches
  2 gnoll zombies (D:3)
  5 goblins
  6 hobgoblins
  18 jackals
  3 quokkas
  9 ball pythons
  4 frilled lizards
  A jackal skeleton (D:6)
  A jackal zombie (D:6)
  18 kobolds
  A leopard gecko zombie (D:6)
  14 rats
276 creatures vanquished.

Vanquished Creatures (others)
  4 withered plants (D:2)
4 creatures vanquished.

Grand Total: 280 creatures vanquished

Notes
Turn   | Place    | Note
-------+----------+-------------------------------------------
     0 | D:1      | Tsirvaldir the Gargoyle Earth Elementalist began the quest
                  | for the Orb.
     0 | D:1      | Reached XP level 1. HP: 10/10 MP: 3/3
   114 | D:1      | Reached XP level 2. HP: 11/15 MP: 1/5
   206 | D:1      | Reached skill level 4 in Earth Magic
  1026 | D:2      | Reached XP level 3. HP: 19/19 MP: 6/6
  1030 | D:2      | Learned a level 3 spell: Stone Arrow
  1241 | D:2      | Found an ancient bone altar of Kikubaaqudgha.
  1339 | D:2      | Noticed Sigmund
  1350 | D:2      | Killed Sigmund
  1351 | D:2      | Reached skill level 5 in Earth Magic
  1351 | D:2      | Reached XP level 4. HP: 19/24 MP: 1/9
  1351 | D:2      | Reached XP level 5. HP: 22/28 MP: 1/10
  1357 | D:2      | Learned a level 5 spell: Lee's Rapid Deconstruction
  1617 | D:2      | Noticed Natasha
  1622 | D:2      | Killed Natasha
  2190 | D:3      | Found a transporter.
  2219 | D:3      | Reached XP level 6. HP: 32/32 MP: 11/11
  2255 | D:3      | Found a transporter.
  2739 | D:3      | Found a basalt altar of Yredelemnul.
  3498 | D:2      | Noticed Natasha
  3504 | D:2      | Killed Natasha
  4184 | D:4      | Reached skill level 6 in Earth Magic
  4456 | D:4      | Reached XP level 7. HP: 21/36 MP: 9/13
  4785 | D:4      | Found a shadowy altar of Dithmenos.
  4948 | D:5      | Entered Level 5 of the Dungeon
  5015 | D:5      | Noticed Pikel
  5028 | D:5      | Killed Pikel
  5029 | D:5      | Reached skill level 5 in Spellcasting
  5029 | D:5      | Reached skill level 5 in Conjurations
  5029 | D:5      | Reached skill level 7 in Earth Magic
  5029 | D:5      | Reached XP level 8. HP: 18/41 MP: 5/15
  5205 | D:5      | Found a sacrificial altar of Ru.
  5278 | D:5      | Got a jewelled long sword
  5304 | D:5      | Found a glowing drain.
  5332 | D:5      | Identified the +3 long sword of Joyful Slaughter {protect,
                  | rPois} (You found it on level 5 of the Dungeon)
  5703 | D:6      | Reached skill level 1 in Fighting
  5775 | D:6      | Found Boupren's Armour Shoppe.
  5776 | D:6      | Got a faintly glowing mace
  5786 | D:6      | Identified the +7 mace of Evisceration {protect, MR++} (You
                  | found it on level 6 of the Dungeon)
  5833 | D:6      | Found a glowing drain.
  5859 | D:6      | Reached skill level 1 in Armour
  5860 | D:6      | Reached skill level 1 in Maces & Flails
  5875 | Sewer    | Entered a sewer
  6146 | Sewer    | Reached skill level 1 in Evocations
  7128 | D:6      | Found a blossoming altar of Fedhas.
  7133 | D:6      | Reached XP level 9. HP: 48/48 MP: 13/17
  8044 | D:7      | Found an ornate altar of the Wu Jian Council.
  8080 | D:7      | Found an opulent altar of Gozag.
  8123 | D:7      | Found a staircase to the Ecumenical Temple.
  8133 | Temple   | Entered the Ecumenical Temple
  8234 | Temple   | Became a worshipper of Vehumet
  8264 | D:7      | Found a burning altar of Makhleb.
  8470 | D:8      | Noticed a two-headed ogre
  8477 | D:8      | Killed a two-headed ogre
  8478 | D:8      | Reached skill level 8 in Earth Magic
  8901 | D:8      | Found a staircase to the Lair.
  8970 | D:8      | Noticed Gastronok
  8987 | D:8      | Killed Gastronok
  8988 | D:8      | Reached XP level 10. HP: 58/58 MP: 15/19
  9319 | D:9      | Reached skill level 9 in Earth Magic
  9540 | D:9      | Reached * piety under Vehumet
  9540 | D:9      | Offered knowledge of Foxfire by Vehumet.
  9969 | D:9      | Noticed a two-headed ogre
  9997 | D:9      | Killed a two-headed ogre
  9998 | D:9      | Reached skill level 5 in Fighting
  9998 | D:9      | Reached skill level 5 in Armour
  9998 | D:9      | Reached XP level 11. HP: 39/63 MP: 5/21
 10497 | D:9      | Reached skill level 5 in Maces & Flails
 10622 | D:10     | Entered Level 10 of the Dungeon
 10895 | D:10     | Reached ** piety under Vehumet
 10895 | D:10     | Offered knowledge of Searing Ray by Vehumet.
 11431 | D:10     | Offered knowledge of Conjure Flame by Vehumet.
 11551 | D:10     | Reached *** piety under Vehumet
 11844 | D:10     | Offered knowledge of Sticky Flame by Vehumet.
 11981 | D:10     | Found a staircase to the Orcish Mines.
 12423 | D:11     | Noticed a boulder beetle
 12522 | D:11     | Found a frozen archway.
 12530 | D:11     | Mangled by an ice devil

Illustrated notes

Levels and vault maps discovered:
D:1:      kennysheep_arrival_seaside, layout_loops_cross
D:2:      layout_basic, kiku_gazebo_garden_becter, uniq_natasha, uniq_sigmund
D:3:      gammafunk_wand_slinger, layout_loops_cross,
          lemuel_zombie_altar_yredelemnul
D:4:      layout_gridville, lemuel_crystal_altar
D:5:      layout_cave_pools, nicolae_ru_sacrificial_ziggurat,
          portal_sewer_entry_a, uniq_pikel
D:6:      layout_loops_corners, portal_sewer_entry_b, serial_shops,
          nicolae_shop_crystal, minivault_11, fedhas_altar_4
D:7:      layout_basic, demons_altar, nicolae_overflow_crystal_walls,
          minmay_temple_entry_junction, basic_altar, nrook_mini_vaults,
          grunt_decor_fettered, minmay_door_square
D:8:      layout_rooms, grunt_lair_entry_orc_guard_hut, minmay_radiant,
          uniq_gastronok
D:9:      layout_basic
D:10:     layout_loops_ring, hiddenorc1_lemuel
D:11:     layout_roguey, portal_ice_cave_demonic_guard
Temple:   regret_index_temple_sphere_string

Skill      XL: |  1  2  3  4  5  6  7  8  9 10 11 |
---------------+----------------------------------+-----
Earth Magic    | 4 5 6 7 8 9 |  9.9
Spellcasting   | 3 4 5 6 7 |  7.3
Conjurations   | 2 3 5 6 7 8 |  8.1
Fighting       | 2 4 5 |  5.8
Armour         | 2 4 5 6 |  6.0
Maces & Flails | 1 4 5 |  5.6
Dodging        | 2 3 4 |  4.8
Evocations     | 1 3 4 |  4.8
Stealth        | |  2.1
Transmutations | |  0.7

Action                   |  1- 3 |  4- 6 |  7- 9 | 10-12 || total
-------------------------+-------+-------+-------+-------++-------
Melee: Dagger            |    13 |       |       |       ||    13
       Short sword       |    22 |    87 |    19 |       ||   128
       Mace              |       |       |   177 |   196 ||   373
       Long sword        |       |       |    14 |       ||    14
Throw: Stone             |       |     1 |       |       ||     1
 Cast: Sandblast         |    23 |    50 |    48 |    18 ||   139
       Lee's Rapid Decon |       |       |     6 |    52 ||    58
       Stone Arrow       |       |       |     2 |     2 ||     4
Evoke: Wand              |       |       |    11 |     1 ||    12
  Use: Potion            |     3 |       |     6 |       ||     9
       Scroll            |       |     7 |     7 |     3 ||    17
 Stab: Sleeping          |     4 |     7 |    10 |     3 ||    24
       Distracted        |     1 |       |       |       ||     1
       Invisible         |       |       |     2 |       ||     2
Armor: Robe              |    11 |    27 |   124 |   116 ||   278
Dodge: Dodged            |    29 |    64 |   193 |   156 ||   442
       Rpst.: Long sword |       |       |     4 |       ||     4

Table legend: (Time is in decaauts)
 A = Elapsed time spent in this place.
 B = Non-inter-level travel time spent in this place.
 C = Inter-level travel time spent in this place.
 D = Time resting spent in this place.
 E = Time spent auto-exploring this place.
 F = Levels seen in this place.
 G = Mean time per level.
                   A        B        C        D        E       F      G
               +--------+--------+--------+--------+--------+-----+--------+
         Total |  12683 |  11946 |    737 |   1257 |   8334 |  13 |  975.6 |
       Dungeon |  11925 |  11215 |    710 |   1169 |   7926 |  11 | 1084.1 |
        Temple |    114 |     87 |     27 |      0 |     86 |   1 |  114.0 |
         Sewer |    643 |    643 |      0 |     88 |    321 |   1 |  643.0 |
               +--------+--------+--------+--------+--------+-----+--------+

Top non-repeatable levels by time:
     D:2: 1865 daAuts
    D:10: 1640 daAuts
     D:3: 1312 daAuts
     D:6: 1286 daAuts
     D:9: 1190 daAuts
     D:1: 976 daAuts
     D:7: 971 daAuts
     D:8: 849 daAuts
     D:4: 807 daAuts
     D:5: 741 daAuts
   Sewer: 643 daAuts
    D:11: 283 daAuts
  Temple: 114 daAuts
